 Dungeon Crawl Stone Soup version 0.31-a0-984-gbfb7dba898 (webtiles) character file.

Game seed: 3757733325988348184

109 BinkBink the Slasher (level 4, -2/43 HPs)
             Began as a Tengu Monk on Nov 3, 2023.
             Killed by divine providence
             ... invoked by an orc priest
              (7 damage)
             ... on level 3 of the Dungeon.
             The game lasted 00:01:48 (1612 turns).

BinkBink the Slasher (Tengu Monk)                   Turns: 1612, Time: 00:01:49

Health: -2/43      AC: 22    Str: 16 (17) XL:     4   Next: 90%
Magic:  5/5        EV:  2    Int:  8 (10) God:
Gold:   160        SH:  4    Dex: 16 (19) Spells: 3/3 levels left

rFire   . . .        a - +0 falchion
rCold   . . .        o - +0 buckler
rNeg    . . .        b - melded +0 robe
rPois   +            (helmet currently unavailable)
rElec   .            (cloak currently unavailable)
rCorr   .            (gloves currently unavailable)
SInv    .            (boots unavailable)
Will    .....        (no amulet)
Stlth   +            l - +6 ring of strength
HPRegen 0.27/turn    (no ring)
MPRegen 0.09/turn

%: acrobat
@: brilliant, tree-form
A: stationary, stasis, torment immunity, boosted hp, (beak), (talons 3),
acrobatic
a: no special abilities


You were on level 3 of the Dungeon.
You were a tree.
You visited 1 branch of the dungeon, and saw 3 of its levels.

You collected 160 gold pieces.

Inventory:

Hand Weapons
 a - a +0 falchion (weapon)
Armour
 b - a +0 robe (melded)
 d - an orb of light
 o - a +0 buckler (worn)
Jewellery
 l - a +6 ring of strength (left branch)
Scrolls
 g - a scroll of vulnerability {unknown}
 h - a scroll of fog {unknown}
 i - a scroll of enchant armour {unknown}
 j - a scroll of poison {unknown}
 m - a scroll of revelation {unknown}
 n - 2 scrolls of identify {unknown}
Potions
 f - 2 potions of lignification


   Skills:
 + Level 3.8 Fighting
 + Level 4.2 Long Blades
 + Level 4.2 Dodging
 + Level 1.2 Shields


You had 3 spell levels left.
You didn't know any spells.
Your spell library contained the following spells:

 Spells                   Type           Power      Damage    Failure   Level
 Sting                    Tmut/Pois      0%         1d3       50%         1
 Ensorcelled Hibernation  Hex/Ice        0%         N/A       65%         2
 Jinxbite                 Hex            0%         N/A       65%         2
 Poisonous Vapours        Pois/Air       0%         N/A       65%         2
 Anguish                  Hex/Necr       0%         N/A       99%         4
 Olgreb's Toxic Radiance  Pois           0%         N/A       99%         4


Dungeon Overview and Level Annotations

Branches:
Dungeon (3/15)

Altars:


Innate Abilities, Weirdness & Mutations

You are a tree.
Your roots penetrate the ground, keeping you stationary.
You cannot be teleported.
You are immune to unholy pain and torment.
Your maximum health is greatly increased.
Your equipment is partially melded.
((You have a beak for a mouth.))
((You have claws for feet.))
You can magically evade attacks while moving or waiting.


Message History

You claw the orc priest, but do no damage.
Your peck misses the orc priest.
The orc priest is severely wounded.
You hear a shout! x3
The orc priest hits you with a +1 short sword of flaming.
The orc priest burns you.
* * * LOW HITPOINT WARNING * * *
You completely miss the orc priest.
You peck the orc priest, but do no damage.
The orc priest is severely wounded.
The orc priest mumbles some strange prayers to Beogh against you.
Beogh smites you!
* * * LOW HITPOINT WARNING * * *
You completely miss the orc priest.
The orc priest is severely wounded.
An orc wizard comes into view. It is wielding a +0 dagger.
The orc priest closely misses you.
The orc wizard casts a spell.
The orc wizard flickers and vanishes!
Deactivating autopickup; reactivate with Ctrl-A.
The orc priest looks braver for a moment.
It was a potion of lignification.
You turn into a tree.
Your +0 robe melds into your body.
Your roots penetrate the ground.
The orc priest hits you but does no damage.
The orc priest casts a cantrip, but nothing happens.
It was a potion of brilliance.
You feel clever all of a sudden.
The orc priest hits you but does no damage.
It was a potion of degeneration.
There was something very wrong with that liquid.
You feel weakened.
You feel dopey.
You feel clumsy.
The orc priest hits you but does no damage.
You hit the orc priest.
You kill the orc priest!
You feel your strength returning.
Your Shields skill increases to level 1!
You closely miss the orc. The orc hits you but does no damage.
The orc priest invokes the aid of Beogh against you.
Beogh smites you!
You die...

#.. #.# #.. #.# #.# #.#
#.# #<# #.## ##.# #..
...# #######.#
#####.........#####.###.
#.# #...†♣o.o.... ##.##
#.######.#### ##...##
##.## ##.....###...#####
##..................
.)........#...###.##
##.......###.##
###.....## #.# .......##
#.#


You could see an orc priest and an orc.

Vanquished Creatures
  An orc priest (D:3)
  An orc wizard (D:3)
  An adder (D:3)
  3 orcs
  3 endoplasms
  A giant cockroach (D:2)
  3 goblins
  9 hobgoblins
  3 jackals (D:1)
  A quokka (D:1)
  2 ball pythons
  4 bats
  4 frilled lizards
  A kobold (D:2)
  5 rats
42 creatures vanquished.

Notes
Turn   | Place    | Note
-------+----------+-------------------------------------------
     0 | D:1      | BinkBink the Tengu Monk began the quest for the Orb.
     0 | D:1      | Reached XP level 1. HP: 14/14 MP: 2/2
    91 | D:1      | Reached XP level 2. HP: 19/19 MP: 3/3
   803 | D:2      | Reached XP level 3. HP: 23/23 MP: 4/4
  1479 | D:3      | HP: 1/23 [something (1)]
  1499 | D:3      | Reached XP level 4. HP: 12/29 MP: 5/5
  1612 | D:3      | Reached skill level 1 in Shields
  1612 | D:3      | Killed from afar by an orc priest

Illustrated notes

Levels and vault maps discovered:
D:1:      mushboom_english_gardens, layout_loops_ring
D:2:      layout_loops_ring
D:3:      layout_loops_ring

Skill      XL: |  1  2  3  4 |
---------------+-------------+-----
Long Blades    | 4 |  4.2
Dodging        | 4 |  4.2
Shields        | 1 |  1.2
Fighting       | |  3.8

Action                     |  1- 3 |  4- 6 || total
---------------------------+-------+-------++-------
  Melee: Falchion          |    81 |    16 ||    97
         Kick              |    20 |     3 ||    23
         Peck              |     8 |     3 ||    11
    Use: Potion            |     4 |     3 ||     7
   Stab: Sleeping          |     1 |       ||     1
 Armour: Robe              |    34 |     4 ||    38
         Skin              |       |     4 ||     4
  Dodge: Dodged            |    43 |     7 ||    50
  Block: Buckler           |     8 |     2 ||    10

Table legend: (Time is in decaauts)
 A = Elapsed time spent in this place.
 B = Non-inter-level travel time spent in this place.
 C = Inter-level travel time spent in this place.
 D = Time resting spent in this place.
 E = Time spent auto-exploring this place.
 F = Levels seen in this place.
 G = Mean time per level.
                   A        B        C        D        E       F      G
               +--------+--------+--------+--------+--------+-----+--------+
         Total |   1623 |   1546 |     77 |     74 |   1197 |   3 |  541.0 |
       Dungeon |   1623 |   1546 |     77 |     74 |   1197 |   3 |  541.0 |
               +--------+--------+--------+--------+--------+-----+--------+

Top non-repeatable levels by time:
     D:2: 695 daAuts
     D:1: 672 daAuts
     D:3: 255 daAuts
